 Dungeon Crawl Stone Soup version 0.30.0-5-g1a98f26d00 (webtiles) character file.

Game seed: 18441363199215399226

123 H0rd4k the Charlatan (level 5, 0/38 HPs)
             Began as a Human Artificer on May 8, 2023.
             Slain by a river rat (4 damage)
             ... on level 3 of the Dungeon.
             The game lasted 00:04:28 (2109 turns).

H0rd4k the Charlatan (Human Artificer)              Turns: 2109, Time: 00:04:28

Health: 0/38       AC: 10    Str: 12    XL:     5   Next: 28%
Magic:  5/5        EV: 12    Int: 14    God:
Gold:   115        SH:  5    Dex: 13    Spells: 4/4 levels left

rFire   . . .        o - +0 dagger (protect)
rCold   . . .        (no shield)
rNeg    . . .        b - +0 leather armour
rPois   .            (no helmet)
rElec   .            (no cloak)
rCorr   .            (no gloves)
SInv    .            (no boots)
Will    .....        f - amulet of reflection
Stlth   +            (no ring)
HPRegen 0.26/turn    (no ring)
MPRegen 0.09/turn

%: reflection
@: under a protective aura, very slow
A: no striking features
a: no special abilities


You were on level 3 of the Dungeon.
You visited 1 branch of the dungeon, and saw 3 of its levels.

You collected 115 gold pieces.

Inventory:

Hand Weapons
 o - a +0 dagger of protection (weapon)
 p - a +0 flail
Armour
 b - a +0 leather armour (worn)
Jewellery
 f - an amulet of reflection (around neck)
Wands
 c - a wand of flame (8) (quivered)
 d - a wand of charming (13)
 e - a wand of iceblast (4)
Scrolls
 g - 2 scrolls of teleportation {unknown}
 i - a scroll of torment {unknown}
 j - a scroll of immolation {unknown}
 k - 4 scrolls of identify {unknown}
Potions
 a - a potion of flight {unknown}
 h - a potion of curing {unknown}
 l - 2 potions of magic {unknown}
 m - a potion of heal wounds {unknown}
 n - a potion of brilliance {unknown}
 q - a potion of haste {unknown}


   Skills:
 + Level 1.8 Fighting
 - Level 2.2 Maces & Flails
 - Level 2.0 Armour
 + Level 2.6 Dodging
 + Level 1.4 Stealth
 + Level 0.4 Shields
 + Level 3.6 Evocations


You had 4 spell levels left.
You didn't know any spells.
Your spell library contained the following spells:

 Spells                   Type           Power      Damage    Failure   Level
 Beastly Appendage        Tmut           0%         N/A       36%         1
 Foxfire                  Conj/Fire      0%         2x1d4     36%         1
 Freeze                   Ice            0%         1d3       36%         1
 Wereblood                Tmut           0%         N/A       50%         2
 Frozen Ramparts          Ice            0%         1d1       73%         3
 Hailstorm                Conj/Ice       0%         3d3       73%         3
 Spider Form              Tmut/Pois      0%         N/A       73%         3
 Volatile Blastmotes      Fire/Tloc      0%         2d10      73%         3
 Plasma Beam              Fire/Air       0%         2x1d11    100%        6
 Ignition                 Fire           0%         3d3       100%        8


Dungeon Overview and Level Annotations

Branches:
Dungeon (3/15)

Altars:

Shops:
D:3 !(

Annotations:
D:2 Robin, Terence


Message History

You hear the rapid rusting of a drain.
The river rat closely misses you.
You closely miss the river rat.
The river rat is almost dead.
The river rat bites you but does no damage.
Your unstable footing causes you to fumble your attack.
You block the river rat's attack.
You barely miss the river rat.
The river rat is almost dead.
The river rat closely misses you.
You barely miss the river rat.
The river rat is almost dead.
You block the river rat's attack.
You closely miss the river rat.
The river rat is almost dead.
The river rat barely misses you.
Your unstable footing causes you to fumble your attack.
The river rat bites you but does no damage.
You hit the river rat but do no damage.
Your weapon exudes an aura of protection.
The river rat is almost dead.
The river rat bites you.
You barely miss the river rat.
The river rat is almost dead.
The river rat bites you.
Your unstable footing causes you to fumble your attack.
The river rat bites you.
* * * LOW HITPOINT WARNING * * *
Your unstable footing causes you to fumble your attack.
The river rat bites you.
* * * LOW HITPOINT WARNING * * *
You barely miss the river rat.
The river rat is almost dead.
The river rat bites you.
* * * LOW HITPOINT WARNING * * *
You hit the river rat.
Your weapon exudes an aura of protection.
The river rat is almost dead.
The river rat bites you.
You die...

#.###~~~.~~~~###.############
#...†########~##.##..........
###### #~#.....# #~#####.#
.>... #.# #.###.#.##. #~#
###......# #. #~#
#............
.#######~###.###.#.#.###
#~~.rrr@###...#....#
#########..........#
###...#...... ##.###.#..#.
#.# .#... ###.###.#.#
#............ ##.............
#..).###.#..##..


You could see a river rat, a quokka and a rat.

Vanquished Creatures
  A hound (D:3)
  4 gnolls (D:2)
  2 orcs (D:3)
  A ball python (D:1)
  6 endoplasms
  2 giant cockroaches
  5 goblins
  2 hobgoblins (D:1)
  3 jackals (D:1)
  5 kobolds
  2 quokkas
  7 bats
  3 frilled lizards
  2 rats (D:1)
45 creatures vanquished.

Vanquished Creatures (collateral kills)
  An orc (D:3)
1 creature vanquished.

Vanquished Creatures (others)
  An orc priest (D:3)
1 creature vanquished.

Grand Total: 47 creatures vanquished

Notes
Turn   | Place    | Note
-------+----------+-------------------------------------------
     0 | D:1      | H0rd4k the Human Artificer began the quest for the Orb.
     0 | D:1      | Reached XP level 1. HP: 15/15 MP: 1/1
   192 | D:1      | Reached XP level 2. HP: 13/21 MP: 2/2
   603 | D:1      | Reached XP level 3. HP: 25/26 MP: 3/3
  1293 | D:2      | Noticed Terence
  1373 | D:2      | Got the Essays on the Burn
  1498 | D:2      | Reached skill level 1 in Maces & Flails
  1500 | D:2      | Reached XP level 4. HP: 32/32 MP: 4/4
  1604 | D:2      | Noticed Robin
  1701 | D:3      | Found Bipyager's Distillery.
  1798 | D:3      | Reached XP level 5. HP: 16/38 MP: 5/5
  1836 | D:3      | Found Polyumm's Antique Weapon Shoppe.
  2109 | D:3      | Slain by a river rat

Illustrated notes

Levels and vault maps discovered:
D:1:      evilmike_arrival_hilbert_curve, layout_loops_corners
D:2:      layout_basic, uniq_robin, uniq_terence
D:3:      layout_loops_ring, yredelemnul_altar_generic, gup_sewer_entry_spiral,
          serial_shops, nicolae_shop_advertising_works
          [nicolae_subvault_shop_adworks], shop, shop, shop, uniq_sigmund

Skill      XL: |  1  2  3  4 |
---------------+-------------+-----
Dodging        | 2 |  2.6
Maces & Flails | 1 2 |  2.2
Fighting       | |  1.8
Armour         | |  2.0
Stealth        | |  1.4
Shields        | |  0.4
Evocations     | |  3.6

Action                     |  1- 3 |  4- 6 || total
---------------------------+-------+-------++-------
  Melee: Club              |   127 |    44 ||   171
         Punch             |     2 |     3 ||     5
         Dagger            |       |    85 ||    85
  Evoke: Wand              |     3 |     7 ||    10
   Stab: Sleeping          |     1 |     2 ||     3
 Armour: Leather armour    |    34 |    29 ||    63
  Dodge: Dodged            |    78 |    72 ||   150
  Block: Other             |     9 |    36 ||    45
         Reflection        |     1 |       ||     1
